 Dungeon Crawl Stone Soup version 0.24-a0-762-gca426f5 (webtiles) character file.

Game seed: 631680592123036593, levelgen mode: deterministic

357 2tousent the Shield-Bearer (level 6, -7/73 HPs)
             Began as a Barachi Fighter on Oct 2, 2019.
             Mangled by a mummy (12 damage)
             ... in an ossuary.
             The game lasted 00:10:46 (3586 turns).

2tousent the Shield-Bearer (Barachi Fighter)        Turns: 3586, Time: 00:10:47

Health: -7/73      AC:  8    Str: 23    XL:     6   Next: 64%
Magic:  6/6        EV:  9    Int:  8    God:
Gold:   209        SH: 15    Dex: 13    Spells: 5/5 levels left

rFire    . . .     SeeInvis .   a - +1 long sword
rCold    . . .     Gourm    .   c - +0 shield
rNeg     . . .     Faith    .   b - +0 scale mail
rPois    .         Spirit   .   (no helmet)
rElec    .         Reflect  +   (no cloak)
rCorr    .         Harm     .   l - +0 pair of gloves
MR       .....                  (no boots)
Stlth    ..........             h - +5 amulet of reflection
HPRegen  0.22/turn              (no ring)
MPRegen  0.10/turn              (no ring)

@: berserking, very quick
A: +LOS, swims, slowness 1, strong legs 1
a: Hop


You were in an ossuary.
You were hungry.

You visited 1 branch of the dungeon, and saw 4 of its levels.
You also visited: Ossuary.

You collected 209 gold pieces.

Inventory:

Hand Weapons
 a - a +1 long sword (weapon)
Missiles
 o - 7 javelins (quivered)
Armour
 b - a +0 scale mail (worn)
 c - a +0 shield (worn)
 i - a +0 pair of gloves
 l - a +0 pair of gloves (worn)
 p - a +0 chain mail
Jewellery
 h - a +5 amulet of reflection (around neck)
 q - an uncursed amulet of inaccuracy
Wands
 r - a wand of paralysis (5)
Scrolls
 d - 2 scrolls of teleportation
 e - 4 scrolls of remove curse
 k - a scroll of fog
Potions
 g - 2 potions of lignification
 n - a potion of might
Comestibles
 f - 8 rations
 j - 4 chunks of flesh


   Skills:
 + Level 4.7 Fighting
 * Level 4.9 Long Blades
 + Level 4.6 Armour
 + Level 2.2 Dodging
 * Level 5.0 Shields


You had 5 spell levels left.
You didn't know any spells.
Your spell library was empty.

Dungeon Overview and Level Annotations

Branches:
Dungeon (4/15)            Ossuary (1/1)
 Temple: D:4-7

Altars:
Elyvilon


Innate Abilities, Weirdness & Mutations

Shadows flee at your approach. (+LOS)
You can swim through water.
You cover ground slowly.
You can hop short distances.


Message History

Unknown command.
Your shield and scale mail prevent you from hitting the mummy.
The mummy is almost destroyed.
You block the mummy's attack.
You barely miss the mummy.
The mummy is heavily damaged.
You block the mummy's attack. x2; The mummy hits you!
Your shield prevents you from hitting the mummy.
The mummy is heavily damaged.
The mummy hits you but does no damage. You block the mummy's attack.
The mummy hits you!
* * * LOW HITPOINT WARNING * * *
It was a potion of berserk rage.
A red film seems to cover your vision as you go berserk!
You feel yourself moving faster!
You feel mighty!
Unknown command.
You hit the mummy.
The mummy is almost destroyed.
You block the mummy's attack. x2; The mummy hits you!
You die...

###
######..#
#.....M##
+.∩.∩@M.#
#.....M##
######..#
###


You could see 3 mummies.

Vanquished Creatures
  An ogre (D:4)
  A crimson imp (D:4)
  2 orc wizards (D:3)
  A hound skeleton (D:4)
  6 adders
  A shadow imp (D:3)
  3 worms (D:2)
  3 dart slugs
  5 leopard geckos (D:2)
  4 orcs
  3 giant cockroaches
  A gnoll zombie (D:4)
  13 goblins
  12 hobgoblins
  A quokka (D:3)
  2 ball pythons
  11 bats
  3 frilled lizards (D:1)
  A jackal zombie (D:4)
  11 kobolds
  5 rats
90 creatures vanquished.

Notes
Turn   | Place    | Note
-------+----------+-------------------------------------------
     0 | D:1      | 2tousent the Barachi Fighter began the quest for the Orb.
     0 | D:1      | Reached XP level 1. HP: 18/18 MP: 1/1
   108 | D:1      | Reached XP level 2. HP: 3/25 MP: 2/2
   665 | D:1      | Reached XP level 3. HP: 23/30 MP: 3/3
  1340 | D:2      | Reached XP level 4. HP: 37/37 MP: 4/4
  1383 | D:2      | Reached skill level 1 in Dodging
  1480 | D:2      | Reached skill level 4 in Shields
  2081 | D:3      | Reached XP level 5. HP: 42/42 MP: 5/5
  2811 | D:3      | Found a white marble altar of Elyvilon.
  3292 | D:4      | Reached XP level 6. HP: 44/49 MP: 6/6
  3392 | D:4      | Reached skill level 5 in Shields
  3554 | D:4      | Found a sand-covered staircase.
  3574 | Ossuary  | Entered an ossuary
  3586 | Ossuary  | Mangled by a mummy

Levels and vault maps discovered:
D:1:      psy_arrival_dodecagon, layout_basic, minivault_4, minmay_pentomino_x2
D:2:      layout_loops_cross
D:3:      cheibrodos_greedy_goblins, layout_basic, first_ration,
          elyvilon_altar_5
D:4:      layout_cave_pods, enter_ossuary_3
Ossuary:  ossuary_minmay_chase

Skill      XL: |  1  2  3  4  5  6 |
---------------+-------------------+-----
Long Blades    | 3 4 |  4.9
Fighting       | 4 |  4.7
Armour         | 4 |  4.6
Dodging        | 1 2 |  2.2
Shields        | 4 5 |  5.0

Action                   |  1- 3 |  4- 6 || total
-------------------------+-------+-------++-------
Melee: Long sword        |   135 |   224 ||   359
  Use: Potion            |     1 |     1 ||     2
       Scroll            |     5 |     4 ||     9
  Eat: Chunk             |     2 |     8 ||    10
Armor: Scale mail        |    71 |    89 ||   160
Dodge: Dodged            |    45 |    60 ||   105
Block: Shield            |    70 |   128 ||   198
       Rpst.: Long sword |    20 |    18 ||    38

Table legend:
 A = Non-vault XP
 B = Vault XP
 C = Vault XP percentage of total XP
 D = Non-vault monster count
 E = Vault monster count
 F = Vault count percentage of total count
                 A         B        C        D         E       F
            +---------+---------+-------+---------+---------+-------
      Total |     481 |      29 |   5.7 |      73 |      17 |  18.9
            +---------+---------+-------+---------+---------+-------
        D:1 |      43 |       2 |   4.4 |      24 |       2 |   7.7
        D:2 |      93 |       0 |   0.0 |      24 |       0 |   0.0
        D:3 |     154 |      24 |  13.5 |      21 |      13 |  38.2
        D:4 |     191 |       3 |   1.5 |       4 |       2 |  33.3
            +---------+---------+-------+---------+---------+-------
